 Dungeon Crawl Stone Soup version 0.31.0-11-ge490571c62 (webtiles) character file.

Game seed: 16129665648804292679

101 qw the Shooter (level 4, -1/25 HPs)
             Began as a Deep Elf Hunter on Feb 4, 2024.
             Killed by divine providence
             ... invoked by an orc priest
              (12 damage)
             ... on level 3 of the Dungeon.
             The game lasted 00:00:07 (1707 turns).

qw the Shooter (Deep Elf Hunter)                    Turns: 1707, Time: 00:00:07

Health: -1/25      AC:  6    Str: 10    XL:     4   Next: 48%
Magic:  6/6        EV: 16    Int: 14    God:
Gold:   163        SH:  0    Dex: 18    Spells: 3/3 levels left

rFire   + . .        a - +0 shortbow
rCold   . . .        (shield currently unavailable)
rNeg    . . .        g - +0 ring mail
rPois   .            d - +0 helmet
rElec   .            (no cloak)
rCorr   .            (no gloves)
SInv    .            (no boots)
Will    .....        (no amulet)
Stlth   +            h - ring of protection from fire
HPRegen 0.24/turn    j - +5 ring of evasion
MPRegen 0.10/turn

%: no passive effects
@: no status effects
A: no striking features
a: no special abilities


You were on level 3 of the Dungeon.
You visited 1 branch of the dungeon, and saw 3 of its levels.

You collected 163 gold pieces.


   Skills:
 - Level 1.5 Fighting
 + Level 7.9 Ranged Weapons
 - Level 2.4 Dodging
 - Level 1.2 Stealth


You had 3 spell levels left.
You didn't know any spells.
Your spell library was empty.

Inventory:

Hand Weapons
 a - a +0 shortbow (weapon)
Armour
 d - a +0 helmet (worn)
 g - a +0 ring mail (worn)
Jewellery
 h - a ring of protection from fire (left hand)
 j - a +5 ring of evasion (right hand)
Potions
 b - a potion of attraction {unknown}
 e - a potion of curing {unknown}
 f - a potion of brilliance {unknown}

Dungeon Overview and Level Annotations

Branches:
Dungeon (3/15)

Altars:

Shops:
D:2 (


Message History

You shoot an arrow. The arrow closely misses the kobold.
The kobold closely misses you.
You shoot an arrow. The arrow hits the kobold.
You kill the kobold!
Things that are here:
a +1 dagger of flaming; a stone An orc priest and 2 orcs come into view.
Found a stone staircase leading up.
The orc shouts!
The orc priest shouts!
You shoot an arrow.
The arrow closely misses the orc priest.
You hear a shout!
The orc priest hits you with a +0 falchion.
An orc comes into view. It is wielding a +0 whip.
You hear a shout!
You shoot an arrow. The arrow hits the orc priest.
The orc priest is moderately wounded.
You shoot an arrow. The arrow hits the orc priest.
The orc priest is heavily wounded.
The orc priest closely misses you.
You shoot an arrow. The arrow barely misses the orc priest.
The orc priest barely misses you.
You shoot an arrow. The arrow hits the orc priest!
The orc priest is almost dead.
The orc closely misses you. The orc priest barely misses you.
You shoot an arrow.
The arrow hits the orc priest but does no damage.
The orc priest is almost dead.
The orc closely misses you. The orc priest closely misses you.
You shoot an arrow. The arrow barely misses the orc priest.
The orc completely misses you.
The orc priest mumbles some strange prayers to Beogh against you.
Pain shoots through your body!
Ouch! That really hurt!
You shoot an arrow.
The arrow closely misses the orc priest.
The orc completely misses you.
The orc priest invokes the aid of Beogh against you.
Beogh smites you!
You die...

########
#<.oooo#
#@# #.#
#.# #.#
#.# .###.
#.#
#####.....
#.#####
#.......#
#...).#
#.......+
#..##.#


You could see an orc priest and 3 orcs.

Vanquished Creatures
  4 adders (D:2)
  A gnoll (D:1)
  3 dart slugs
  3 endoplasms (D:2)
  2 giant cockroaches (D:1)
  6 goblins
  6 hobgoblins
  4 quokkas
  2 ball pythons
  3 bats
  3 frilled lizards
  7 kobolds
  6 rats
50 creatures vanquished.

Notes
Turn   | Place    | Note
-------+----------+-------------------------------------------
     0 | D:1      | qw the Deep Elf Hunter began the quest for the Orb.
     0 | D:1      | Reached XP level 1. HP: 12/12 MP: 3/3
     0 | D:1      | 0 ||| qw: Version: 0.3-a-160-g6735b56
     0 | D:1      | 0 ||| qw: Game counter: 5155
     0 | D:1      | 0 ||| qw: Melee chars always use a shield: true
     0 | D:1      | 0 ||| qw: God list: Okawaru
     0 | D:1      | 0 ||| qw: Allow faded altars: false
     0 | D:1      | 0 ||| qw: Do Orc after clearing Dungeon:15 true
     0 | D:1      | 0 ||| qw: Do second Lair branch before Depths: true
     0 | D:1      | 0 ||| qw: Lair rune preference: random
     0 | D:1      | 0 ||| qw: Goals: Normal
     0 | D:1      | 0 ||| PLANNING D:1-11
    49 | D:1      | Reached skill level 6 in Ranged Weapons
    49 | D:1      | Reached XP level 2. HP: 8/16 MP: 4/4
   121 | D:1      | HP: 3/16 [quokka (3)]
   371 | D:1      | Reached XP level 3. HP: 20/20 MP: 5/5
   535 | D:1      | Found a faded altar of an unknown god.
   538 | D:1      | 538 ||| UPGRADING to +0 ring mail.
   548 | D:1      | 548 ||| DROPPING +0 leather armour.
   549 | D:1      | 549 ||| UPGRADING to ring of protection from fire.
   550 | D:1      | 550 ||| UPGRADING to +5 ring of evasion.
   551 | D:1      | 551 ||| READING scroll labelled RIVVUJ LAUKH.
   551 | D:1      | 551 ||| IDENTIFYING fuming silvery potion
   552 | D:1      | 552 ||| DROPPING scroll of butterflies.
   553 | D:1      | 553 ||| DROPPING potion of lignification.
   678 | D:2      | Reached skill level 7 in Ranged Weapons
   700 | D:2      | Found Paona's Weapon Shoppe.
  1014 | D:2      | Reached XP level 4. HP: 25/25 MP: 6/6
  1486 | D:2      | 1486 ||| UPGRADING to +0 helmet.
  1491 | D:2      | 1491 ||| READING scroll labelled GEMIL FOEMOUHU.
  1536 | D:2      | 1536 ||| READING scroll labelled RINGUA HURE YMO.
  1577 | D:3      | 1577 ||| STAIRDANCE
  1590 | D:3      | 1590 ||| STAIRDANCE
  1707 | D:3      | Killed from afar by an orc priest

Levels and vault maps discovered:
D:1:      mrwooster_arrival_statue, layout_rooms,
          shapermc_ecumenical_altar_pompeii
D:2:      layout_loops_corners, serial_shops, nicolae_shop_gibbet_a_chance
D:3:      layout_basic

Skill      XL: |  1  2  3 |
---------------+----------+-----
Ranged Weapons | 6 7 |  7.9
Fighting       | |  1.5
Dodging        | |  2.4
Stealth        | |  1.2

Action                     |  1- 3 |  4- 6 || total
---------------------------+-------+-------++-------
   Fire: Shortbow          |   115 |    46 ||   161
    Use: Scroll            |     1 |     2 ||     3
 Armour: Leather armour    |    15 |       ||    15
         Ring mail         |     7 |    11 ||    18
  Dodge: Dodged            |    40 |    25 ||    65

Table legend:
 A = Non-vault XP
 B = Vault XP
 C = Vault XP percentage of total XP
 D = Non-vault monster count
 E = Vault monster count
 F = Vault count percentage of total count
                 A         B        C        D         E       F
            +---------+---------+-------+---------+---------+-------
      Total |     145 |       0 |   0.0 |      50 |       0 |   0.0
            +---------+---------+-------+---------+---------+-------
        D:1 |      43 |       0 |   0.0 |      19 |       0 |   0.0
        D:2 |      89 |       0 |   0.0 |      24 |       0 |   0.0
        D:3 |      13 |       0 |   0.0 |       7 |       0 |   0.0
            +---------+---------+-------+---------+---------+-------
